 Dungeon Crawl Stone Soup version 0.30.1-11-g7821555f0a (webtiles) character file.

Game seed: 8403350603726597876

1229 Nonny the Grappler (level 8, -5/66 HPs)
             Began as a Ghoul Monk on Nov 12, 2023.
             Was an Elder of Makhleb.
             Slain by Menkaure (11 damage)
             ... on level 5 of the Dungeon.
             The game lasted 00:12:32 (4335 turns).

Nonny the Grappler (Ghoul Monk)                     Turns: 4335, Time: 00:12:33

Health: -5/66      AC:  6    Str: 17    XL:     8   Next: 48%
Magic:  7/7        EV: 11    Int:  5    God:    Makhleb [****..]
Gold:   163        SH:  0    Dex: 11    Spells: 7/7 levels left

rFire   . .          .
                       - Unarmed
rCold   + . .        c - orb {light}
rNeg    + + +        g - +0 ring mail
rPois   ∞            (no helmet)
rElec   .            (no cloak)
rCorr   .            (no gloves)
SInv    .            (no boots)
Will    .....        (no amulet) Stlth
                     (no ring)
HPRegen 0.00/turn    (no ring)
MPRegen 0.10/turn

%: no passive effects
@: inhibited regen, glowing
A: claws 1, cold resistance 1, negative energy resistance 3, inhibited
regeneration, torment resistance 2, devour on kill
a: Renounce Religion, Minor Destruction, Lesser Servant of Makhleb, Major
Destruction


You were on level 5 of the Dungeon.
You worshipped Makhleb.
Makhleb was greatly pleased with you.
You visited 2 branches of the dungeon, and saw 6 of its levels.

You collected 163 gold pieces.

Inventory:

Missiles
 a - 14 poisoned darts (quivered)
 f - 3 datura-tipped darts
 r - 3 atropa-tipped darts
 t - a curare-tipped dart
Armour
 c - an orb of light (worn)
 g - a +0 ring mail (worn)
Magical Staves
 m - a staff of conjuration
 q - a staff of cold
Jewellery
 h - a ring of magical power
 l - an amulet of faith
Scrolls
 d - 2 scrolls of teleportation
 e - a scroll of silence
 i - 2 scrolls of fog
 n - 2 scrolls of vulnerability
 o - a scroll of identify
Potions
 j - a potion of brilliance
 k - a potion of haste
 p - a potion of curing
 u - a potion of flight {unknown}
Miscellaneous
 b - a phial of floods


   Skills:
 - Level 3.8 Fighting
 + Level 4.8 Armour
 - Level 2.6 Dodging
 + Level 9.4 Unarmed Combat


You had 7 spell levels left.
You didn't know any spells.
Your spell library contained the following spells:

 Spells                   Type           Power      Damage    Failure   Level
 Foxfire                  Conj/Fire      0%         2x1d4     67%         1
 Kiss of Death            Conj/Necr      0%         2d5       67%         1
 Magic Dart               Conj           0%         1d3       67%         1
 Call Imp                 Summ           0%         N/A       80%         2
 Ensorcelled Hibernation  Hex/Ice        0%         N/A       80%         2
 Passwall                 Tmut/Erth      0%         N/A       80%         2
 Searing Ray              Conj           0%         2d4       80%         2
 Confusing Touch          Hex            0%         N/A       95%         3
 Dazzling Flash           Conj/Hex       0%         N/A       95%         3
 Gell's Gravitas          Tloc           0%         N/A       95%         3
 Mephitic Cloud           Conj/Pois/Air  0%         N/A       95%         3
 Portal Projectile        Hex/Tloc       0%         N/A       95%         3
 Swiftness                Air            0%         N/A       95%         3
 Teleport Other           Tloc           0%         N/A       95%         3
 Tukima's Dance           Hex            0%         N/A       95%         3
 Animate Armour           Summ/Erth      0%         N/A       100%        4
 Dispel Undead            Necr           0%         3d6       100%        4
 Flame Wave               Conj/Fire      0%         2d4       100%        4
 Fulminant Prism          Conj/Hex       0%         3d5       100%        4
 Iskenderun's Mystic Bla  Conj/Tloc      0%         2d3       100%        4
 Agony                    Necr           0%         N/A       100%        5
 Iskenderun's Battlesphe  Conj           0%         2d6       100%        5
 Silence                  Hex/Air        0%         N/A       100%        5
 Summon Mana Viper        Hex/Summ       0%         N/A       100%        5
 Dispersal                Tloc           0%         N/A       100%        6
 Iron Shot                Conj/Erth      0%         9d1       100%        6
 Starburst                Conj/Fire      0%         6d3       100%        6
 Spellforged Servitor     Conj/Summ      0%         N/A       100%        7
 Summon Hydra             Summ           0%         N/A       100%        7
 Blade Hands              Tmut           Unusable   N/A       N/A         5
 Necromutation            Tmut/Necr      Unusable   N/A       N/A         8

Dungeon Overview and Level Annotations

Branches:
Dungeon (5/15)             Temple (1/1) D:4

Altars:
Ashenzari
Dithmenos
Gozag
Kikubaaqudgha
Makhleb
Nemelex Xobeh
Okawaru
Qazlal
Ru
Sif Muna
Uskayaw
Vehumet
Xom

Portals:
Abyss: D:4

Annotations:
D:2 1 runed translucent door, exclusion: door
D:4 2 transporters, rozman's ghost, amateur HOBe
D:5 Dowan; Duvessa; Menkaure


Innate Abilities, Weirdness & Mutations

You are immune to poison.
You have sharp fingernails.
Your flesh is cold resistant. (rC+)
You are immune to negative energy. (rN+++)
You do not regenerate when monsters are visible.
You are immune to unholy pain and torment.
You thrive by killing the living.


Message History

HP restored.
Found 8 stones.
You see here 8 stones.
Found 6 stones.
Menkaure, Prince of Dust comes into view.
Menkaure shouts!
You hear a shout!
Menkaure casts a spell.
Menkaure seems to speed up.
Duvessa shouts!
Menkaure barely misses you.
You claw Menkaure!
Menkaure is heavily damaged.
Menkaure hits you!
You scratch Menkaure.
Menkaure is heavily damaged.
Duvessa says, "My weaknesses are his strengths!"
Menkaure closely misses you.
Dowan shouts!
You scratch Menkaure.
Menkaure is heavily damaged.
Menkaure closely misses you.
You scratch Menkaure but do no damage.
Menkaure is heavily damaged.
Menkaure barely misses you.
Dowan mumbles some strange words.
Dowan blinks!
Menkaure attacks as you move away! Menkaure hits you!!
You see here 14 gold pieces.
You now have 163 gold pieces (gained 14).
Menkaure hits you!!
* * * LOW HITPOINT WARNING * * *
Menkaure hits you!
* * * LOW HITPOINT WARNING * * *
Unknown command.
As you read the scroll labelled LABBAEHEYS, it crumbles to dust.
You hear a loud clanging noise!
It was a scroll of noise.
You hear a bark!
Menkaure hits you!
You die...

..... #.#...........#
.#.............#
.......#..##...##
#..........##...##
.................##
#......(#..#.#...#####
#......#@...#....##.###
##.....eM.#............#
#.........##.#........#### #
...........##.###.....###.# #
..........##..# #....(#...# .
.............####.......#.. .
#.#............#.....#######.
. #.#.........#........## ##
.
#....###....##........#######


You could see Duvessa and Menkaure (fast).

Vanquished Creatures
  A hornet (D:4)
  Prince Ribbit (D:5)
  An ice beast (D:4)
  An orc warrior (D:4)
  A kobold brigand (D:4)
  A jelly (D:5)
  7 hounds
  A sleepcap (D:4)
  An iguana (D:4)
  An orc wizard (D:4)
  6 gnolls (D:4)
  10 adders
  3 worms
  3 dart slugs
  4 orcs
  7 ball pythons
  11 endoplasms
  2 giant cockroaches
  10 goblins
  7 hobgoblins
  8 jackals
  5 kobolds
  4 quokkas
  8 bats
  3 frilled lizards
  8 rats
115 creatures vanquished.

Notes
Turn   | Place    | Note
-------+----------+-------------------------------------------
     0 | D:1      | Nonny the Ghoul Monk began the quest for the Orb.
     0 | D:1      | Reached XP level 1. HP: 19/19 MP: 0/0
    64 | D:1      | Starting vault: Tri-Tri-Force
   190 | D:1      | Reached XP level 2. HP: 19/26 MP: 1/1
   766 | D:2      | Reached skill level 4 in Unarmed Combat
   766 | D:2      | Reached XP level 3. HP: 33/33 MP: 2/2
   882 | D:2      | Reached skill level 1 in Armour
   882 | D:2      | Reached XP level 4. HP: 40/40 MP: 3/3
   882 | D:2      | Found a faded altar of an unknown god.
   899 | D:2      | Prayed at the altar of an unknown god.
   899 | D:2      | Became a worshipper of Makhleb the Destroyer
   899 | D:2      | Reached * piety under Makhleb
   899 | D:2      | Reached ** piety under Makhleb
  1143 | D:1      | D:2 uphatch is not worth it for orbrun.
  1214 | D:2      | Found a runed translucent door.
  1357 | D:2      | Reached *** piety under Makhleb
  1363 | D:2      | Reached skill level 5 in Unarmed Combat
  1533 | D:3      | staff of conjuration
  1558 | D:3      | Found a stormy altar of Qazlal.
  1634 | D:3      | Reached XP level 5. HP: 46/46 MP: 4/4
  1798 | D:3      | Got the Atlas of Gathered Zombies
  2000 | D:4      | Found a staircase to the Ecumenical Temple.
  2028 | D:4      | HP: 1/46 [gnoll/+0 heavy spear (11)]
  2201 | D:4      | Reached skill level 6 in Unarmed Combat
  2259 | D:4      | Reached XP level 6. HP: 52/52 MP: 5/5
  2305 | D:4      | Found a transporter.
  2310 | D:4      | Noticed a small abomination
  2359 | Temple   | Entered the Ecumenical Temple
  2404 | Temple   | Temple: the simple oval.
  2502 | D:4      | Found a transporter.
  2536 | D:4      | staff of cold near scarf of harm southeast
  2628 | D:4      | Found a large runed translucent door.
  2628 | D:4      | Found a large runed translucent door.
  2635 | D:4      | Noticed an ice beast
  2656 | D:4      | Reached **** piety under Makhleb
  2667 | D:4      | Noticed an orc warrior
  2683 | D:4      | Killed an orc warrior
  2684 | D:4      | Reached skill level 7 in Unarmed Combat
  2835 | D:4      | Noticed a hornet
  2864 | D:4      | Reached XP level 7. HP: 58/58 MP: 6/6
  3046 | D:4      | Found a large runed translucent door.
  3046 | D:4      | Found a large runed translucent door.
  3237 | D:4      | Noticed a toenail golem
  3381 | D:4      | Noticed rozman's ghost (amateur HOBe)
  3385 | D:4      | Found a one-way gate to the infinite horrors of the Abyss.
  3386 | D:4      | I HEART TOENAIL GOLEM
  3388 | D:4      | Noticed a small abomination
  3479 | D:4      | Killed a hornet
  3480 | D:4      | Reached skill level 8 in Unarmed Combat
  3494 | D:4      | Reached XP level 8. HP: 22/66 MP: 7/7
  3648 | D:4      | Got the Octavo of Plutonic Kinetic Energy
  3695 | D:5      | Entered Level 5 of the Dungeon
  3699 | D:5      | Noticed Dowan
  3702 | D:5      | Noticed Duvessa
  4150 | D:5      | Reached skill level 9 in Unarmed Combat
  4163 | D:5      | Noticed Prince Ribbit
  4185 | D:5      | Killed Prince Ribbit
  4323 | D:5      | Noticed Menkaure
  4335 | D:5      | Slain by Menkaure

Illustrated notes #?.#.# ## #..#.### ... #..#...# ###>.. ########..#.#.###########....# #.........................# #.#####.#####.#####.#####.# #..###.†.###...###...###..# #...#.....#.....#.....#...# #....#####...@...#####....# #.....###....<....###.....# ##.....#...........#......# ##.....#####.#####.....#.... ##.....###...###.....###### ##.....#.....#......# #......#####.......# #.......###.....##.# #........#.....## .# Turn 64 on D:1: Starting vault: Tri-Tri-Force .##.####.#### ............# ###.####.##.# ###.####.##.# .........##.# ###)###..##.###### ....###..##......# .........#######.# #######..# #@# ##..## #.# ######....# #.# .......#..## #.# ####...#...### #.# .....###.#...# #.# .###...#...#.# #.# ## ###.#..##.# #.# #....##.# #.# Turn 1143 on D:1: D:2 uphatch is not worth it for orbrun. #.......# #.......# #.......##### #...........# ##..........# #..........# #..........# #..........# #......@...# #..........# #..........# ############ Turn 1533 on D:3: staff of conjuration ############# ####...........### ###........⌠........ ##................... ##....._..........._.. ##..................... #............._........ ##...................... #......@._..........._.. #....................... #.._..........._........ #....................... #........_..........._.. ##...................... #............._........ ##..................... ##....._..........._.. Turn 2404 on Temple: Temple: the simple oval. .# ..###....#.# # ##©##(..#.# #. ##..#.# # # #.. ##..#.##.# K# ...##......#.# # #.#.........# # #.#........## #.## ## #.##........# ...###..###.....@..## ......?.........#.## ............[...#.# #### .####..#####.# #.## .# #.. .# .... .# ##### ## Turn 2536 on D:4: staff of cold near scarf of harm southeast

##.......[............##.#.#
##....................##.#.#
.....###....####(.....#..#.#
##..## ##..##..####...#.##.#
#..#x# ##©##^..W.#...#.##.#
#..### ###..##.##...#.##.#
#... ... #####....#.##.#
#...### #.###......?.#.##.#
#.....#x...#...@.....#.##.#
#.....# ..##..###....#.##.#
#....## ©#..##x##(..#.##.#
##...# ∩.## #.x.##..#.##.#
.....# ### #...##..#.##.#
.#..##K##. . 9..##......#.#
...©#x# ..#^ ..#.#.........#
##..#.## ..# #.#.#........##
##..###.##$####.##........#


Turn 3386 on D:4: I HEART TOENAIL GOLEM

Levels and vault maps discovered:
D:1:      onia_arrival_pyramid, layout_loops_ring,
          chequers_hall_statues_corner_a
D:2:      layout_rooms, basic_ecumenical_altar, minmay_misc_feat_columns,
          st_stairs_3, minmay_increasing_density, uniq_crazy_yiuf_cottage
D:3:      layout_basic, nicolae_overflow_crystal_walls, elyvilon_altar_5
D:4:      layout_loops_ring, minmay_temple_entry_tees,
          gammafunk_ghost_abyssal_escape, minmay_hollow_rounded_squares
D:5:      layout_cave_pools, lemuel_doored_altar, kennysheep_big_empty_room,
          uniq_menkaure, uniq_duvessa, uniq_prince_ribbit1
Temple:   cyrus_circular_temple

Skill      XL: |  1  2  3  4  5  6  7  8 |
---------------+-------------------------+-----
Unarmed Combat | 4 5 6 7 8 9 |  9.4
Armour         | 1 2 4 |  4.8
Fighting       | |  3.8
Dodging        | |  2.6

Action                     |  1- 3 |  4- 6 |  7- 9 || total
---------------------------+-------+-------+-------++-------
  Melee: Unarmed           |    78 |   161 |    93 ||   332
    Use: Scroll            |       |    10 |     6 ||    16
         Potion            |       |       |     4 ||     4
 Armour: Robe              |     1 |       |       ||     1
         Ring mail         |    21 |    43 |    18 ||    82
  Dodge: Dodged            |    39 |    78 |    50 ||   167
